 Dungeon Crawl Stone Soup version 0.27-a0-1612-gde56a17b89 (webtiles) character file.

Game seed: 17318845404692679550

8485 Sin92 the Cleaver (level 11, -1/84 HPs)
             Began as a Demonspawn Fighter on July 21, 2021.
             Was a High Priest of Okawaru.
             Slain by a nine-headed hydra (2 damage)
             ... on level 1 of the Lair of Beasts.
             The game lasted 00:21:45 (12131 turns).

Sin92 the Cleaver (Demonspawn Fighter)             Turns: 12131, Time: 00:21:46

Health: -1/84      AC: 11    Str: 30    XL:     11   Next: 10%
Magic:  0/14       EV: 16    Int:  9    God:    Okawaru [*****.]
Gold:   696        SH: 16    Dex: 31    Spells: 10/10 levels left

rFire    . . .     SeeInvis +   o - +0 flail
rCold    . . .     Faith    .   c - +3 kite shield
rNeg     + . .     Spirit   +   A - +2 ring mail "Tudute" {rN+ Str+5 Dex+4}
rPois    .         Reflect  .   (helmet unavailable)
rElec    .         Harm     .   (no cloak)
rCorr    .         Rampage  .   g - +0 pair of gloves of the Armoured One {Dex+7}
Will     .....                  (no boots)
Stlth    ++........             i - amulet of guardian spirit
HPRegen  0.24/turn              C - +6 ring of dexterity
MPRegen  0.14/turn              I - +6 ring of strength

@: about to teleport
A: antennae 3, molten scales 1, powered by death 1, spiny 1
a: Renounce Religion, Heroism, Finesse


You were on level 1 of the Lair of Beasts.
You worshipped Okawaru.
Okawaru was extremely pleased with you.
You visited 3 branches of the dungeon, and saw 12 of its levels.
You also visited: Bailey.

You collected 696 gold pieces.

Inventory:

Hand Weapons
 a - a +2 war axe
 o - a +0 flail (weapon)
Missiles
 v - 2 boomerangs of dispersal (quivered)
 y - 2 atropa-tipped darts
Armour
 b - a +0 scale mail
 c - a +3 kite shield (worn)
 g - the +0 pair of gloves of the Armoured One (worn) {Dex+7}
   (You found it in a bailey)

   Dex:       It affects your dexterity (+7).
 s - a +0 plate armour
 x - a +1 hat of stealth
 z - a +0 chain mail
 A - the +2 ring mail "Tudute" (worn) {rN+ Str+5 Dex+4}
   (You found it on level 8 of the Dungeon)

   Str:       It affects your strength (+5).
   Dex:       It affects your dexterity (+4).
   rN:        It protects you from negative energy.
Jewellery
 i - an amulet of guardian spirit (around neck)
 j - a ring of positive energy
 n - a ring of wizardry
 C - a +6 ring of dexterity (left hand)
 E - a ring of willpower
 F - a ring of willpower
 G - a ring of resist corrosion
 I - a +6 ring of strength (right hand)
Wands
 d - a wand of iceblast (17)
 r - a wand of flame (30)
 t - a wand of polymorph (6)
 u - a wand of mindburst (8)
Scrolls
 e - 5 scrolls of identify
 f - 2 scrolls of silence
 H - a scroll of enchant armour
Potions
 h - a potion of brilliance
 k - 5 potions of mutation
 l - a potion of attraction
 m - 2 potions of curing
 p - a potion of degeneration
 q - a potion of haste
 w - 2 potions of heal wounds
 B - 2 potions of berserk rage {unknown}
 D - 2 potions of flight


   Skills:
 + Level 7.5 Fighting
 * Level 9.2 Axes
 + Level 6.8 Armour
 + Level 6.1 Dodging
 + Level 6.8 Shields
 + Level 5.2 Invocations


You had 10 spell levels left.
You didn't know any spells.
Your spell library contained the following spells:

 Spells                   Type           Power      Damage    Failure   Level
 Animate Skeleton         Necr           0%         N/A       85%         1
 Magic Dart               Conj           0%         1d3       85%         1
 Pain                     Necr           0%         1d4       85%         1
 Summon Small Mammal      Summ           0%         N/A       85%         1
 Passwall                 Tmut/Erth      0%         N/A       94%         2
 Searing Ray              Conj           0%         3d3       94%         2
 Call Canine Familiar     Summ           0%         N/A       99%         3
 Summon Guardian Golem    Hex/Summ       0%         N/A       99%         3
 Swiftness                Air            0%         N/A       99%         3
 Vampiric Draining        Necr           0%         2d6       99%         3
 Cause Fear               Hex            0%         N/A       100%        4
 Fulminant Prism          Conj/Hex       0%         3d6       100%        4
 Agony                    Necr           0%         N/A       100%        5
 Excruciating Wounds      Necr           0%         N/A       100%        5
 Invisibility             Hex            0%         N/A       100%        6
 Dragon Form              Tmut           0%         N/A       100%        7
 Dragon's Call            Summ           0%         N/A       100%        9


Dungeon Overview and Level Annotations

Branches:
Dungeon (10/15)            Temple (1/1) D:6            Lair (1/6) D:10
    Orc (0/2) D:10         Bailey (visited)

Altars:
Ashenzari
Cheibriados
Dithmenos
Elyvilon
Fedhas
Gozag
Hepliaklqana
Kikubaaqudgha
Makhleb
Nemelex Xobeh
Okawaru
Qazlal
Ru
Sif Muna
Trog
Uskayaw
Vehumet
Wu Jian
Xom
Yredelemnul
Zin
The Shining One

Shops:
D:2 [   D:5 [   D:8 =


Innate Abilities, Weirdness & Mutations

You have a pair of large antennae on your head. (SInv)
You are partially covered in molten scales. (AC +2)
You regenerate a little health from kills.
You are partially covered in sharp spines.


Message History

You slice one of the eight-headed hydra's heads off!
The seven-headed hydra grows two more!
You slash the nine-headed hydra!
The nine-headed hydra is lightly wounded.
You block the nine-headed hydra's attack. x2
The nine-headed hydra misses you. The nine-headed hydra bites you.
You block the nine-headed hydra's attack.
The nine-headed hydra bites you.
You block the nine-headed hydra's attack.
The nine-headed hydra closely misses you.
The nine-headed hydra bites you.
Unknown command.
o - a +0 flail (weapon)
You block the nine-headed hydra's attack.
The nine-headed hydra barely misses you.
The nine-headed hydra bites you!
You block the nine-headed hydra's attack.
The nine-headed hydra barely misses you.
The nine-headed hydra bites you. The nine-headed hydra misses you.
You block the nine-headed hydra's attack.
The nine-headed hydra bites you!
Okay, then.
Your shield prevents you from hitting the nine-headed hydra.
The nine-headed hydra is lightly wounded.
You block the nine-headed hydra's attack.
The nine-headed hydra bites you!
* * * LOW HITPOINT WARNING * * *
The nine-headed hydra bites you.
* * * LOW HITPOINT WARNING * * *
You block the nine-headed hydra's attack. x2
The nine-headed hydra bites you!
* * * LOW HITPOINT WARNING * * *
The nine-headed hydra bites you.
The nine-headed hydra bites you but does no damage.
You block the nine-headed hydra's attack.
As you read the scroll of teleportation, it crumbles to dust.
You feel strangely unstable.
You block the nine-headed hydra's attack. x2
The nine-headed hydra completely misses you.
The nine-headed hydra bites you.
You die...

..........# #..#
.......... ##.#
.........# #.##
.........# #..#
.........## #..#
..........# #..#
.......h.## ##.#
.#.####D## #.## #
#...@# #..# ###+P.##
###.#### #.....#
#......## #.....#
###......P#
+.....#######.#......##
#....................#
#.....'.##.####......##
#......##### #.......#
#..>..## #......##


You could see a nine-headed hydra and a black bear.

Vanquished Creatures
  A hydra (D:9)
  A two-headed ogre (D:9)
  The ghost of BubbleThief the Spear-Bearer, a novice MfIE of Sif Muna (D:9)
  3 orc knights (Bailey)
  2 cyclopes
  Joseph (D:7)
  2 wraiths
  A steam dragon (D:9)
  3 wargs (D:10)
  An acid dragon (D:9)
  A water moccasin (D:8)
  4 orc warriors
  An ice beast (D:8)
  2 sky beasts (D:6)
  2 necrophages
  2 ogres
  3 centaurs
  A phantom (D:4)
  3 bullfrogs
  3 gnoll sergeants
  2 scorpions
  A water moccasin zombie (D:6)
  3 howler monkeys
  3 centaur zombies
  2 bullfrog zombies
  A bullfrog skeleton (D:7)
  A hound (D:4)
  6 orc priests
  A gnoll shaman (D:8)
  A jelly (D:5)
  3 centaur skeletons
  An iguana (D:5)
  7 orc wizards
  2 killer bee zombies
  2 howler monkey zombies
  24 gnolls
  7 adders
  A shadow imp (D:5)
  An ufetubus (D:5)
  An adder skeleton (D:5)
  4 worms
  2 dart slugs
  42 orcs
  4 ball pythons
  7 endoplasms
  3 goblins
  8 hobgoblins
  5 jackals (D:4)
  4 kobolds
  3 quokkas
  7 bats
  A frilled lizard (D:1)
  4 rats
202 creatures vanquished.

Vanquished Creatures (others)
  A fungus (Lair:1)
  10 plants (D:9)
11 creatures vanquished.

Grand Total: 213 creatures vanquished

Notes
Turn   | Place    | Note
-------+----------+-------------------------------------------
     0 | D:1      | Sin92 the Demonspawn Fighter began the quest for the Orb.
     0 | D:1      | Reached XP level 1. HP: 18/18 MP: 1/1
   233 | D:1      | Reached skill level 2 in Axes
   281 | D:1      | Found a faded altar of an unknown god.
   408 | D:1      | Gained mutation: You have a pair of small antennae on your
                  | head. [demonic ancestry]
   408 | D:1      | Reached XP level 2. HP: 14/24 MP: 2/2
  1526 | D:2      | Reached skill level 1 in Dodging
  1526 | D:2      | Gained mutation: You regenerate a little health from kills.
                  | [demonic ancestry]
  1526 | D:2      | Reached XP level 3. HP: 17/29 MP: 3/3
  1835 | D:2      | Reached XP level 4. HP: 27/35 MP: 4/4
  1955 | D:2      | Found Ryus's Antique Armour Shop.
  2445 | D:3      | Reached skill level 3 in Axes
  3280 | D:4      | Gained mutation: You are partially covered in sharp spines.
                  | [demonic ancestry]
  3280 | D:4      | Reached XP level 5. HP: 40/41 MP: 5/5
  3649 | D:4      | Reached XP level 6. HP: 48/48 MP: 6/6
  3700 | D:4      | Reached skill level 4 in Axes
  4195 | D:5      | Entered Level 5 of the Dungeon
  4274 | D:5      | Reached XP level 7. HP: 44/54 MP: 4/7
  4380 | D:5      | Found a bloodstained altar of Trog.
  4637 | D:5      | Found an ornate altar of the Wu Jian Council.
  4808 | D:5      | Found Bal Alou's Armour Emporium.
  4926 | D:5      | Found a shadowy altar of Dithmenos.
  5180 | D:6      | Reached skill level 5 in Axes
  5193 | D:6      | Reached XP level 8. HP: 37/61 MP: 4/8
  5203 | D:6      | Found a stormy altar of Qazlal.
  5343 | D:6      | Found a staircase to the Ecumenical Temple.
  5580 | D:6      | Reached skill level 5 in Fighting
  5954 | Temple   | Entered the Ecumenical Temple
  6059 | Temple   | Became a worshipper of Warmaster Okawaru
  6225 | D:7      | Noticed Joseph
  6249 | D:7      | Killed Joseph
  6249 | D:7      | Reached * piety under Okawaru
  6250 | D:7      | Reached skill level 6 in Axes
  6948 | D:7      | Reached skill level 5 in Shields
  7385 | D:8      | Reached skill level 5 in Armour
  7464 | D:8      | Gained mutation: You are partially covered in molten
                  | scales. (AC +2) [demonic ancestry]
  7464 | D:8      | Reached XP level 9. HP: 59/68 MP: 7/9
  7475 | D:8      | Identified the +2 ring mail "Tudute" {rN+ Str+5 Dex+4}
  7607 | D:8      | Found Uptij's Jewellery Boutique.
  8083 | D:8      | Reached skill level 7 in Axes
  8426 | D:8      | Noticed a cyclops
  8440 | D:8      | Killed a cyclops
  8861 | D:9      | Noticed BubbleThief's ghost (novice MfIE)
  8862 | D:9      | Found a runed translucent door.
  8894 | D:9      | Reached skill level 1 in Invocations
  9067 | D:9      | Reached ** piety under Okawaru
  9079 | D:9      | Reached skill level 5 in Dodging
  9161 | D:9      | Noticed a two-headed ogre
  9173 | D:9      | Killed a two-headed ogre
  9174 | D:9      | Reached skill level 8 in Axes
  9174 | D:9      | Gained mutation: You have a pair of antennae on your head.
                  | [demonic ancestry]
  9174 | D:9      | Reached XP level 10. HP: 73/77 MP: 9/11
  9178 | D:9      | Reached *** piety under Okawaru
  9351 | D:9      | Noticed a cyclops
  9358 | D:9      | Noticed a seven-headed hydra
  9360 | D:9      | Killed a cyclops
  9722 | D:9      | Killed an eight-headed hydra
 10051 | D:9      | Killed BubbleThief's ghost
 10316 | D:10     | Entered Level 10 of the Dungeon
 10398 | D:10     | Found a flagged portal.
 10409 | Bailey   | Entered a bailey
 10484 | Bailey   | Noticed an orc knight
 10609 | Bailey   | Noticed an orc knight
 10610 | Bailey   | Noticed an orc knight
 10640 | Bailey   | Killed an orc knight
 10640 | Bailey   | Reached **** piety under Okawaru
 10656 | Bailey   | Killed an orc knight
 10657 | Bailey   | Reached skill level 9 in Axes
 10682 | Bailey   | Killed an orc knight
 10682 | Bailey   | Reached ***** piety under Okawaru
 10683 | Bailey   | Reached skill level 5 in Invocations
 10683 | Bailey   | Gained mutation: You have a pair of large antennae on your
                  | head. (SInv) [demonic ancestry]
 10683 | Bailey   | Reached XP level 11. HP: 43/84 MP: 9/14
 10695 | Bailey   | Identified the +0 pair of gloves of the Armoured One
                  | {Dex+7}
 10951 | D:10     | Found a staircase to the Lair.
 11163 | D:10     | Found a staircase to the Orcish Mines.
 11931 | D:5      | Identified the +9 dagger of Chaos {protect, Fly Int+2 Dex+4
                  | Stlth-}
 12046 | Lair:1   | Entered Level 1 of the Lair of Beasts
 12116 | Lair:1   | Noticed a seven-headed hydra
 12130 | Lair:1   | HP: 1/84 [nine-headed hydra (9)]
 12131 | Lair:1   | Slain by a nine-headed hydra

Illustrated notes

Levels and vault maps discovered:
D:1:      minmay_arrival_semitransparent, layout_basic,
          dreamdust_ecumenical_altar_angels_and_demons
D:2:      layout_basic, serial_shops, nicolae_shop_crystal, minmay_distorted
D:3:      layout_basic, roderic_lattice_a, grunt_decor_one_mirror
D:4:      layout_loops_ring, kennysheep_potato
D:5:      layout_loops_ring, mainiacjoe_overflow_chevrons,
          mainiacjoe_overflow_24_doors, nicolae_overflow_crystal_walls,
          serial_shops, nicolae_diamond_shop
D:6:      layout_loops_ring, nicolae_qazlal_eye_of_the_storm,
          minmay_temple_entry_junction
D:7:      layout_basic, uniq_joseph
D:8:      layout_loops_ring, serial_shops, shop, serial_co_window_serial,
          co_window_corner_a, co_window_paths_a, co_window_corner_a,
          co_window_cross_1, co_window_corner_a, co_window_corner_b,
          co_window_of_opportunity_c, co_window_broadway_a, co_window_4corner_a,
          co_window_paths_d
D:9:      nzn_winding_woodlands_three_and_one
          [nzn_winding_woodlands_5x15_garden,
          nzn_winding_woodlands_5x15_lazy_stream,
          nzn_winding_woodlands_5x15_twine,
          nzn_winding_woodlands_center_diamonds], layout_rooms,
          hellmonk_ghost_happy_afterlife
D:10:     cheibrodos_elevator_heist, layout_irregular_city,
          erik_lair_orcish_takeover, orc_0_dummy, enter_bailey_2,
          kennysheep_path_1, hangedman_abyss_or_decor_passed,
          roderic_serpentine_path, chequers_hall_statues_y
Temple:   compressed_dpeg_circular_temple
Lair:1:   layout_roguey

Skill      XL: |  1  2  3  4  5  6  7  8  9 10 |
---------------+-------------------------------+-----
Axes           | 2 3 4 5 6 8 9 |  9.2
Dodging        | 1 2 3 4 5 6 |  6.1
Shields        | 3 4 5 6 |  6.8
Armour         | 3 4 5 6 |  6.8
Fighting       | 4 5 6 7 |  7.5
Invocations    | 2 5 |  5.2

Action                   |  1- 3 |  4- 6 |  7- 9 | 10-12 || total
-------------------------+-------+-------+-------+-------++-------
Melee: War axe           |   112 |   132 |   264 |   174 ||   682
       Unarmed           |       |       |     9 |       ||     9
       Flail             |       |       |       |    12 ||    12
Throw: Boomerang         |       |       |       |     3 ||     3
Invok: Heroism           |       |       |       |     2 ||     2
  Use: Scroll            |       |     5 |    15 |     4 ||    24
       Potion            |       |       |     5 |     5 ||    10
 Stab: Invisible         |       |       |     3 |    13 ||    16
       Sleeping          |       |       |     1 |     1 ||     2
Armor: Scale mail        |    70 |    56 |       |       ||   126
       Plate armour      |       |       |    65 |       ||    65
       Chain mail        |       |       |     2 |       ||     2
       Ring mail         |       |       |    38 |    53 ||    91
Dodge: Dodged            |    50 |    45 |    75 |   152 ||   322
Block: Kite shield       |    68 |    75 |   216 |   257 ||   616

Table legend: (Time is in decaauts)
 A = Elapsed time spent in this place.
 B = Non-inter-level travel time spent in this place.
 C = Inter-level travel time spent in this place.
 D = Time resting spent in this place.
 E = Time spent auto-exploring this place.
 F = Levels seen in this place.
 G = Mean time per level.
                   A        B        C        D        E       F      G
               +--------+--------+--------+--------+--------+-----+--------+
         Total |  12447 |  11819 |    628 |   1941 |   7656 |  13 |  957.5 |
       Dungeon |  11697 |  11085 |    612 |   1941 |   7264 |  10 | 1169.7 |
        Temple |    121 |    106 |     15 |      0 |     77 |   1 |  121.0 |
          Lair |     85 |     85 |      0 |      0 |     68 |   1 |   85.0 |
        Bailey |    542 |    542 |      0 |      0 |    247 |   1 |  542.0 |
               +--------+--------+--------+--------+--------+-----+--------+

Top non-repeatable levels by time:
     D:8: 1856 daAuts
     D:9: 1338 daAuts
     D:2: 1288 daAuts
     D:7: 1221 daAuts
     D:1: 1110 daAuts
     D:4: 1037 daAuts
     D:5: 1027 daAuts
     D:3: 999 daAuts
    D:10: 923 daAuts
     D:6: 894 daAuts
  Bailey: 542 daAuts
  Temple: 121 daAuts
  Lair:1: 85 daAuts
